 Dungeon Crawl Stone Soup version 0.27-a0-1105-g946c659c87 (webtiles) character file.

Game seed: 5210744557723167981

800 DogServant the Magician (level 7, -8/54 HPs)
             Began as a Djinni Ice Elementalist on Apr 29, 2021.
             Mangled by an orc warrior
             ... wielding a +0 halberd
              (19 damage)
             ... on level 6 of the Dungeon.
             The game lasted 00:09:46 (7111 turns).

DogServant the Magician (Djinni Ice Elementalist)   Turns: 7111, Time: 00:09:46

Health: -8/54      AC:  9    Str:  8    XL:     7   Next: 90%
Gold:   178        EV: 12    Int: 17    God:
                   SH:  0    Dex: 14

rFire    + + .     SeeInvis .   k - +1 short sword
rCold    x . .     Faith    .   (no shield)
rNeg     . . .     Spirit   .   a - +0 robe
rPois    ∞         Reflect  .   (no helmet)
rElec    .         Harm     .   (no cloak)
rCorr    .         Rampage  .   (no gloves)
Will     .....                  (boots unavailable)
Stlth    ++........             b - amulet of the acrobat
HPRegen  0.18/turn              (no ring)
MPRegen  0.00/turn              (no ring)

@: ice-armoured, freezing walls, flying
A: fire resistance 2, cold vulnerability 1, float, innate caster, hp casting,
extra vitality 1
a: no special abilities


You were on level 6 of the Dungeon.
You visited 1 branch of the dungeon, and saw 6 of its levels.

You collected 178 gold pieces.

Inventory:

Hand Weapons
 k - a +1 short sword (weapon)
Missiles
 d - 3 atropa-tipped darts
Armour
 a - a +0 robe (worn)
 s - a +0 buckler
Jewellery
 b - an amulet of the acrobat (around neck)
Scrolls
 c - a scroll of teleportation
 r - a scroll of acquirement {unknown}
 t - 2 scrolls of noise {unknown}
Potions
 e - 4 potions of might
 f - 2 potions of haste
 g - a potion of berserk rage {unknown}
 h - a potion of heal wounds {unknown}
 i - a potion of flight {unknown}
 n - 5 potions of curing {unknown}
 u - a potion of lignification {unknown}


   Skills:
 - Level 5.4 Fighting
 - Level 2.4 Dodging
 - Level 1.8 Stealth
 + Level 6.3 Spellcasting


You couldn't memorise any spells.
You knew the following spells:

 Your Spells              Type           Power      Damage    Failure   Level
a - Freeze                Ice            100%       1d11      1%          1
b - Frozen Ramparts       Ice            54%        1d7       2%          3
c - Ozocubu's Armour      Ice            27%        N/A       2%          3
d - Hailstorm             Conj/Ice       27%        3d7       9%          4
e - Metabolic Englaciati  Hex/Ice        13%        N/A       26%         5
f - Corona                Hex            30%        N/A       1%          1
g - Wereblood             Tmut           27%        N/A       1%          2
h - Ensorcelled Hibernat  Hex/Ice        54%        N/A       1%          2
Your spell library was empty.

Dungeon Overview and Level Annotations

Branches:
Dungeon (6/15)
 Temple: D:4-7

Altars:

Shops:
D:4 *   D:5 =

Annotations:
D:2 Sigmund
D:3 exclusion: phantom, Grinder


Innate Abilities, Weirdness & Mutations

You are immune to poison.
Your flesh is very heat resistant. (rF++)
You are vulnerable to cold. (rC-)
You float through the air rather than walking.
You learn spells naturally, not from books.
Your magical power is your life essence.
You have superior vitality. (+4 HP)


Message History

An orc warrior comes into view.
It is wielding a +0 halberd and wearing a +0 chain mail of cold resistance.
An orc warrior is nearby!
An orc warrior is nearby!
An orc comes into view. It is wielding a +0 hand axe.
The orc warrior shouts!
An orc comes into view. It is wielding a +0 whip.
The orc warrior closely misses you.
Casting: Freeze (safe; 1% risk of failure)
Confirm with . or Enter, or press ? or * to list all spells.
Casting: Frozen Ramparts (dangerous; 2% risk of failure)
Press: ? - help, Dir - look around, f - activate The walls around you are covered in ice.
The orc shouts! x2
The orc warrior resists.
The wall freezes the orc warrior.
The orc warrior hits you from afar with a +0 halberd!!
Casting: Frozen Ramparts (dangerous; 2% risk of failure)
Confirm with . or Enter, or press ? or * to list all spells.
A film of ice covers your body!
An ufetubus comes into view.
The wall freezes the orc!
The orc warrior resists.
The wall freezes the orc warrior.
The orc warrior hits you from afar with a +0 halberd!
* * * LOW HITPOINT WARNING * * *
Casting: Ozocubu's Armour (dangerous; 2% risk of failure)
Confirm with . or Enter, or press ? or * to list all spells.
Casting: Hailstorm (dangerous; 9% risk of failure)
Press: ? - help, Dir - look around, f - activate A cannonade of hail descends around you!
The hail pelts the orc warrior.
The orc warrior is moderately wounded.
The hail pelts the orc!
You kill the orc!
The hail pelts the orc!
You kill the orc!
The ufetubus shouts!
* * * LOW HITPOINT WARNING * * *
The orc warrior completely resists.
The wall freezes the orc warrior but does no damage.
The orc warrior hits you from afar with a +0 halberd!!
You die...

#..# #5.#
#..# #..#
#.)# #)o#
#..#
#.@#######
#.........
#.........
#.........
#...>.....
#.<.......
##.......#
#########


You could see an orc warrior and an ufetubus.

Vanquished Creatures
  A sky beast (D:5)
  A necrophage (D:5)
  2 ogres (D:5)
  A scorpion (D:4)
  A hound (D:4)
  2 jellies
  An orc priest (D:4)
  Natasha (thrice) (D:3)
  An orc wizard (D:5)
  A hound skeleton (D:4)
  4 gnolls (D:2)
  3 adders
  A worm (D:3)
  A dart slug (D:1)
  15 orcs
  5 ball pythons
  10 endoplasms
  6 giant cockroaches
  4 goblins
  7 hobgoblins
  2 quokkas
  4 bats
  3 frilled lizards
  8 kobolds
  5 rats
92 creatures vanquished.

Notes
Turn   | Place    | Note
-------+----------+-------------------------------------------
     0 | D:1      | DogServant the Djinni Ice Elementalist began the quest for
                  | the Orb.
     0 | D:1      | Reached XP level 1. HP: 15/15 MP: 0/0
    41 | D:1      | Reached XP level 2. HP: 8/21 MP: 0/0
   229 | D:1      | Reached skill level 4 in Spellcasting
   768 | D:1      | Reached XP level 3. HP: 17/25 MP: 0/0
   768 | D:1      | Learned a level 1 spell: Corona
  1337 | D:2      | Reached XP level 4. HP: 14/31 MP: 0/0
  2079 | D:2      | Reached skill level 1 in Fighting
  2079 | D:2      | Reached XP level 5. HP: 31/38 MP: 0/0
  2079 | D:2      | Learned a level 2 spell: Wereblood
  2168 | D:2      | Noticed Sigmund
  2526 | D:2      | Found a faded altar of an unknown god.
  2996 | D:3      | Noticed Natasha
  3004 | D:3      | Killed Natasha
  3187 | D:3      | Noticed a phantom
  3277 | D:3      | Noticed Grinder
  3367 | D:3      | Noticed Natasha
  3372 | D:3      | Killed Natasha
  4180 | D:3      | Noticed Natasha
  4185 | D:3      | Killed Natasha
  4186 | D:3      | Reached XP level 6. HP: 31/47 MP: 0/0
  4553 | D:4      | Reached skill level 5 in Spellcasting
  4894 | D:4      | Found Zoarchec's Assorted Antiques.
  5432 | D:4      | Noticed a necrophage
  5451 | D:5      | Entered Level 5 of the Dungeon
  5583 | D:5      | Noticed a necrophage
  5597 | D:5      | Killed a necrophage
  5598 | D:5      | Reached XP level 7. HP: 19/53 MP: 0/0
  5598 | D:5      | Learned a level 2 spell: Ensorcelled Hibernation
  5920 | D:5      | Reached skill level 5 in Fighting
  6398 | D:5      | Reached skill level 6 in Spellcasting
  6471 | D:5      | Found Kywygif's Jewellery Boutique.
  6490 | D:5      | HP: 2/54 [ogre/+0 giant spiked club (24)]
  7111 | D:6      | Mangled by an orc warrior

Illustrated notes

Levels and vault maps discovered:
D:1:      erik_arrival_blinker_ship, layout_rooms, minmay_quantized
D:2:      layout_basic, ebering_ecumenical_altar_sacrificial, eino_tiny_chamber,
          uniq_sigmund
D:3:      layout_basic, serial_corexii_hall, chequers_hall_statues_corner_a,
          corexii_hall_statues_i, chequers_hall_statues_y,
          corexii_hall_statues_l, corexii_hall_statues_t,
          chequers_hall_statues_wall_a, st_stairs_8, grunt_decor_mini_mirrors,
          kennysheep_generic_room_14, uniq_natasha, uniq_grinder
D:4:      layout_gridville, amethyst_overflow_temple_binary, serial_shops, shop,
          minmay_misc_feat_hallway
D:5:      layout_basic, serial_shops, kennysheep_little_box
D:6:      minmay_evil_eye, layout_cave_pods, fedhas_altar_2,
          jmf_multi_god_temple2, serial_shops, shop, grunt_ministairs_2,
          kennysheep_generic_room_3

Skill      XL: |  1  2  3  4  5  6  7 |
---------------+----------------------+-----
Spellcasting   | 4 5 6 |  6.3
Fighting       | 1 3 4 5 |  5.4
Dodging        | |  2.4
Stealth        | |  1.8

Action                   |  1- 3 |  4- 6 |  7- 9 || total
-------------------------+-------+-------+-------++-------
Melee: Unarmed           |     3 |       |       ||     3
       Short sword       |     7 |    91 |    13 ||   111
 Cast: Freeze            |    36 |    29 |     7 ||    72
       Frozen Ramparts   |     4 |    21 |     5 ||    30
       Ozocubu's Armour  |     1 |       |     2 ||     3
       Hailstorm         |       |       |     1 ||     1
  Use: Scroll            |       |    10 |       ||    10
 Stab: Sleeping          |     1 |     2 |       ||     3
Armor: Robe              |     2 |    17 |       ||    19
Dodge: Dodged            |    22 |    83 |     9 ||   114

Table legend: (Time is in decaauts)
 A = Elapsed time spent in this place.
 B = Non-inter-level travel time spent in this place.
 C = Inter-level travel time spent in this place.
 D = Time resting spent in this place.
 E = Time spent auto-exploring this place.
 F = Levels seen in this place.
 G = Mean time per level.
                   A        B        C        D        E       F      G
               +--------+--------+--------+--------+--------+-----+--------+
         Total |   7122 |   6894 |    228 |    914 |   5322 |   6 | 1187.0 |
       Dungeon |   7122 |   6894 |    228 |    914 |   5322 |   6 | 1187.0 |
               +--------+--------+--------+--------+--------+-----+--------+

Top non-repeatable levels by time:
     D:3: 1661 daAuts
     D:5: 1653 daAuts
     D:1: 1519 daAuts
     D:2: 1364 daAuts
     D:4: 915 daAuts
     D:6: 7 daAuts
